Map: Ephemeron LE

Players

Mukaman - Winner!

  • Race: Zerg Zerg
  • League: Diamond
  • Spawn Location: 5:00

Velious

  • Race: Zerg Zerg
  • League: Diamond
  • Spawn Location: 11:00

VOD

Have the link to the VOD?

Description

Time

  • Played on: Nov. 19, 2019, 5:25 p.m.
  • Length: 15:57
Show
View Real Time Build Order
Export as new Build Order

Mukaman Zerg - Winner!

Build Orders: Hatch First 

Get SALT Encoding   

  12  0:01  Drone  
  13  0:12  Overlord  
  14  0:21  Drone  
  14  0:30  Drone x2  
  14  0:34  Drone  
  17  0:55  Hatchery  
  17  0:56  Drone  
  17  0:59  Drone  
  18  1:11  Extractor  
  18  1:15  Spawning Pool  
  18  1:17  Drone  
  17  1:20  Drone  
  18  1:28  Drone  
  19  1:39  Overlord  
  19  1:49  Drone  
  20  2:04  Zergling x2  
  21  2:08  Zergling x2  
  21  2:11  Queen  
  21  2:12  Queen  
  26  2:21  Zergling x4  
  29  2:30  Zergling x4  
  29  2:38  Zergling x2  
  30  2:56  Zergling x4  
  30  3:07  Metabolic Boost  
  30  3:11  Queen  
  31  3:26  Zergling x10  
  33  3:33  Zergling x2  
  31  3:40  Queen  
  33  3:55  Zergling x4  
  33  3:56  Zergling x4  
  33  3:57  Overlord  
  36  4:16  Drone  
  36  4:17  Drone x4  
  38  4:21  Spine Crawler  
  40  4:30  Drone x4  
  44  4:47  Overlord  
  44  4:54  Hatchery  
  43  5:12  Drone x6  
  48  5:20  Zergling x2  
  48  5:21  Zergling x2  
  48  5:22  Zergling x4  
  48  5:23  Overlord x2  
  51  5:36  Roach Warren  
  51  5:39  Evolution Chamber  
  49  5:50  Drone x5  
  49  5:51  Drone  
  49  5:53  Extractor  
  49  5:54  Extractor  
  53  6:12  Queen  
  55  6:26  Zerg Missile Weapons Level 1  
  55  6:27  Overlord  
  55  6:28  Overlord  
  55  6:33  Overlord, Drone x2  
  55  6:34  Overlord  
  57  7:01  Roach x8  
  59  7:02  Roach  
  59  7:05  Roach  
  77  7:09  Hatchery  
  76  7:25  Overlord  
  76  7:28  Lair  
  76  7:29  Roach x3, Zergling x2  
  83  7:30  Zergling x8  
  87  7:39  Roach  
  87  7:40  Roach  
  95  7:51  Roach x3  
  95  7:52  Roach x2  
  95  7:57  Zergling x2  
  95  7:58  Zergling x4  
  104  8:16  Roach  
  104  8:17  Roach x3  
  101  8:26  Roach  
  91  8:27  Roach  
  91  8:30  Zerg Missile Weapons Level 2  
  84  8:35  Roach  
  84  8:36  Extractor, Zergling x4  
  85  8:54  Roach  
  85  8:55  Roach x4  
  93  9:05  Drone x9  
  102  9:15  Drone x3  
  105  9:29  Drone x3  
  108  9:34  Extractor  
  108  9:36  Extractor, Glial Reconstitution  
  108  9:38  Roach x3  
  112  9:53  Roach  
  113  10:05  Overlord  
  113  10:06  Overlord x4  
  111  10:16  Zergling x2  
  111  10:19  Overlord x3  
  111  10:20  Overlord  
  104  10:46  Zerg Ground Armor Level 1  
  104  10:48  Roach  
  104  10:49  Roach x6  
  110  11:00  Roach  
  110  11:01  Roach x3  
  112  11:09  Roach  
  114  11:18  Queen  
  118  11:33  Roach x8  
  132  11:43  Roach  
  134  11:50  Infestation Pit  
  134  11:52  Hydralisk Den  
  132  11:57  Roach x4  
  132  11:58  Roach x7  
  132  11:59  Ravager  
  132  12:00  Ravager x4  
  159  12:13  Roach  
  159  12:14  Roach x5  
  171  12:22  Muscular Augments  
  171  12:33  Hive  
  171  12:55  Roach x7  
  171  12:57  Overlord x2  
  171  12:58  Overlord x3  
  185  13:01  Zerg Ground Armor Level 2  
  185  13:09  Lurker Den  
  184  13:32  Hydralisk  
  184  13:33  Grooved Spines, Hydralisk x7  
  199  13:50  Overlord  
  199  13:51  Overlord  
  199  13:53  Hydralisk x2  
  193  14:07  Hydralisk x4  
  197  14:15  Hydralisk  
  197  14:16  Hydralisk x2  
  195  14:25  Hydralisk x2  
  189  14:40  Hydralisk  
  189  14:41  Hydralisk x5  
Show
View Real Time Build Order
Export as new Build Order

Velious Zerg 

Build Orders: Pool First 

Get SALT Encoding   

  12  0:01  Drone  
  13  0:22  Spawning Pool  
  13  0:25  Drone  
  13  0:30  Drone  
  13  0:35  Extractor  
  13  0:36  Drone  
  14  0:45  Overlord  
  14  1:03  Drone x2  
  16  1:10  Zergling x2  
  17  1:19  Zergling x2  
  18  1:27  Queen  
  18  1:30  Zergling x2  
  21  1:40  Overlord  
  21  1:44  Metabolic Boost  
  21  1:51  Zergling x2  
  22  2:04  Zergling x2  
  22  2:06  Queen  
  25  2:32  Zergling x4  
  25  2:36  Zergling x4  
  28  3:03  Zergling x6  
  30  3:16  Hatchery  
  28  3:25  Zergling x2  
  28  3:26  Zergling x2  
  24  3:36  Zergling x6  
  24  4:00  Overlord x2  
  24  4:11  Hatchery  
  23  4:32  Drone x4  
  27  4:42  Roach Warren, Drone  
  27  4:47  Queen  
  27  4:52  Zergling x8  
  33  4:57  Queen  
  35  5:06  Zergling x14  
  42  5:25  Queen  
  44  5:34  Overlord x2  
  44  5:43  Drone  
  44  5:44  Drone x3  
  48  5:52  Drone x2  
  48  5:53  Drone  
  51  6:24  Roach x2  
  51  6:25  Roach x5  
  65  6:29  Overlord  
  65  6:39  Overlord  
  65  6:42  Overlord  
  65  7:00  Extractor x2  
  63  7:05  Evolution Chamber  
  63  7:06  Evolution Chamber  
  61  7:09  Lair  
  61  7:12  Extractor, Drone x2  
  61  7:13  Drone  
  63  7:16  Drone x2  
  63  7:21  Drone x2  
  67  7:40  Zerg Ground Armor Level 1, Zerg Missile Weapons Level 1  
  67  7:45  Drone x2  
  67  7:47  Drone x2  
  71  7:53  Drone x2  
  71  7:55  Drone  
  72  8:08  Roach x3  
  72  8:09  Roach  
  63  8:30  Queen  
  56  8:41  Zergling x12  
  57  8:42  Zergling x6  
  57  8:46  Drone x2  
  65  8:56  Drone x2  
  65  8:57  Drone  
  65  8:58  Drone  
  65  8:59  Overseer  
  69  9:12  Spire  
  68  9:19  Overlord  
  68  9:20  Overlord x2  
  68  9:27  Glial Reconstitution  
  68  9:34  Roach x3  
  68  9:36  Drone  
  75  9:45  Drone  
  76  9:46  Drone x3  
  77  10:15  Roach x9  
  88  10:41  Roach  
  88  10:42  Roach x6  
  100  10:46  Roach x2  
  100  11:04  Hatchery, Overlord  
  100  11:05  Overlord x2  
  99  11:25  Drone x6  
  103  11:32  Zerg Missile Weapons Level 2  
  105  11:50  Zerg Ground Armor Level 2  
  105  12:01  Mutalisk x5  
  105  12:04  Overlord  
  115  12:12  Drone  
  115  12:13  Drone x4  
  120  12:17  Drone x2  
  120  12:19  Drone  
  120  12:20  Drone  
  120  12:22  Drone  
  125  12:35  Mutalisk x3  
  125  12:36  Mutalisk  
  133  12:42  Queen  
  135  12:52  Overseer  
  135  12:59  Extractor  
  135  13:00  Extractor  
  133  13:24  Mutalisk x2  
  133  13:26  Overlord x6  
  133  13:27  Overlord  
  137  13:39  Overlord x6  
  137  13:56  Zerg Flyer Weapons Level 1  
  137  13:59  Hatchery  
  136  14:09  Drone x6  
  137  14:37  Roach  
  137  14:38  Roach x15  
  151  14:51  Roach  
  151  14:52  Roach x3  
  159  15:14  Roach x3  
  159  15:15  Roach x3  
  159  15:21  Hatchery  
Tags
 
Add a new tag
Caveats
  • Supply blocks, unpowered buildings, or Contaminate may cause inaccurate times.
  • Supply counts are checked every 10 seconds.